3AAA
AUGUSTA TIMBER HAWKS @ CALGARY LYNX
07/17/2019
 
TOP OF THE 1ST
Augusta Timber Hawks batting - Pitching for Calgary Lynx : RHP Jason Ackerman
Pitching: RHP Jason Ackerman
Batting: LHB Mike Hanson 0-0: Foul Ball, location: 2F
0-1: Called Strike
0-2: Ball
1-2: SINGLE (Groundball, 34D) (infield hit)
Batting: RHB Tom Strickland 0-0: Ball
Mike Hanson is caught stealing 2nd base
1-0: Ground out 5-3 (Groundball, 56)
Batting: SHB Lawrence Franklin 0-0: Ball
1-0: Ball
2-0: Ball
3-0: Base on Balls
Batting: RHB Phil Hayes 0-0: Called Strike
0-1: Ball
1-1: Ball
Lawrence Franklin steals 2nd base
2-1: 2-RUN HOME RUN (Flyball, 8RXD), Distance : 430 ft
Batting: SHB José Salazar 0-0: Ground out 6-3 (Groundball, 6M)
Top of the 1st over - 2 run(s), 2 hit(s), 0 error(s), 0 left on base; Augusta 2 - Calgary 0
BOTTOM OF THE 1ST
Calgary Lynx batting - Pitching for Augusta Timber Hawks : LHP Edison Larson
Pitching: LHP Edison Larson
Batting: RHB Darren Tomlinson 0-0: Ball
1-0: Foul Ball, location: 2F
1-1: Ball
2-1: Foul Ball, location: 2F
2-2: Strikes out swinging
Batting: RHB David Nielsen 0-0: Ball
1-0: Called Strike
1-1: Ball
2-1: Swinging Strike
2-2: Strikes out swinging
Batting: LHB Timmy Appeldoorn 0-0: Called Strike
0-1: Ball
1-1: Ball
2-1: DOUBLE (Flyball, 89XD)
Batting: RHB Juan Sánchez 0-0: DOUBLE (Flyball, 89D)
Timmy Appeldoorn scores
Batting: LHB Gilbert Davis 0-0: Ball
1-0: Called Strike
1-1: SINGLE (Line Drive, 4MD)
Juan Sánchez to third
Batting: SHB Vasco Paradela 0-0: Ball
1-0: Ball
2-0: Called Strike
2-1: Fly out, F3 (Popup, 3SF)
Bottom of the 1st over - 1 run(s), 3 hit(s), 0 error(s), 2 left on base; Augusta 2 - Calgary 1
TOP OF THE 2ND
Augusta Timber Hawks batting - Pitching for Calgary Lynx : RHP Jason Ackerman
Batting: RHB Juan Banda 0-0: Swinging Strike
0-1: Called Strike
0-2: Ball
1-2: Ball
2-2: Strikes out swinging
Batting: SHB Tom Montgomery 0-0: Ball
1-0: Foul Ball, location: 2F
1-1: Foul Ball, location: 2F
1-2: Fly out, F8 (Flyball, 8LM)
Batting: LHB Tomás Guillén 0-0: Ball
1-0: Ball
2-0: Ball
3-0: Called Strike
3-1: Called Strike
3-2: Base on Balls
Batting: RHB Billy Strauss 0-0: Called Strike
0-1: Foul Ball, location: 2F
0-2: SINGLE (Groundball, 56D)
Tomás Guillén to second
Batting: LHB Mike Hanson 0-0: Ball
1-0: Ball
2-0: Ball
3-0: Called Strike
3-1: DOUBLE (Line Drive, 9LS)
Tomás Guillén scores
Billy Strauss to third
Pinch Runner at 2nd Marc Pratt:
Batting: RHB Tom Strickland 0-0: Ball
1-0: Swinging Strike
1-1: Swinging Strike
1-2: Ball
2-2: Fly out, F9 (Line Drive, 9LM)
Top of the 2nd over - 1 run(s), 2 hit(s), 0 error(s), 2 left on base; Augusta 3 - Calgary 1
BOTTOM OF THE 2ND
Calgary Lynx batting - Pitching for Augusta Timber Hawks : LHP Edison Larson
Now in LF: Marc Pratt
Batting: SHB Tom Craft 0-0: Ball
1-0: Ball
2-0: Ball
3-0: Base on Balls
Batting: RHB Jim Browning 0-0: Ball
Tom Craft is caught stealing 2nd base
1-0: Called Strike
1-1: Foul Ball, location: 2F
1-2: Ball
2-2: Ball
3-2: Ground out 4-3 (Groundball, 4)
Batting: RHB Luis Fierro 0-0: SINGLE (Groundball, 56D)
Batting: RHB Darren Tomlinson 0-0: Ball
1-0: Called Strike
1-1: Called Strike
1-2: Strikes out swinging
Bottom of the 2nd over - 0 run(s), 1 hit(s), 0 error(s), 1 left on base; Augusta 3 - Calgary 1
TOP OF THE 3RD
Augusta Timber Hawks batting - Pitching for Calgary Lynx : RHP Jason Ackerman
Batting: SHB Lawrence Franklin 0-0: Swinging Strike
0-1: Swinging Strike
0-2: Strikes out swinging
Batting: RHB Phil Hayes 0-0: SOLO HOME RUN (Line Drive, 7D), Distance : 401 ft
Batting: SHB José Salazar 0-0: Called Strike
0-1: Ball
1-1: Ball
2-1: Swinging Strike
2-2: Foul Ball, location: 2F
2-2: Fly out, F8 (Flyball, 8LS)
Batting: RHB Juan Banda 0-0: Fly out, F1 (Line Drive, 13S)
Top of the 3rd over - 1 run(s), 1 hit(s), 0 error(s), 0 left on base; Augusta 4 - Calgary 1
BOTTOM OF THE 3RD
Calgary Lynx batting - Pitching for Augusta Timber Hawks : LHP Edison Larson
Batting: RHB David Nielsen 0-0: Fly out, F7 (Flyball, 7LM)
Batting: LHB Timmy Appeldoorn 0-0: Called Strike
0-1: Ground out 4-3 (Groundball, 34)
Batting: RHB Juan Sánchez 0-0: Ball
1-0: Foul Ball, location: 2F
1-1: Called Strike
1-2: Foul Ball, location: 2F
1-2: SOLO HOME RUN (Flyball, 7D), Distance : 383 ft
Batting: LHB Gilbert Davis 0-0: Called Strike
0-1: Ball
1-1: SOLO HOME RUN (Line Drive, 9LD), Distance : 334 ft
Batting: SHB Vasco Paradela 0-0: Called Strike
0-1: SINGLE (Groundball, 34D)
Batting: SHB Tom Craft 0-0: Ball
1-0: Ball
2-0: Foul Ball, location: 2F
2-1: SINGLE (Line Drive, 56D)
Vasco Paradela to second
Batting: RHB Jim Browning 0-0: Called Strike
0-1: Fly out, F7 (Flyball, 7LD)
Bottom of the 3rd over - 2 run(s), 4 hit(s), 0 error(s), 2 left on base; Augusta 4 - Calgary 3
TOP OF THE 4TH
Augusta Timber Hawks batting - Pitching for Calgary Lynx : RHP Jason Ackerman
Batting: SHB Tom Montgomery 0-0: Ball
1-0: Ball
2-0: Ball
3-0: Called Strike
3-1: Base on Balls
Batting: LHB Tomás Guillén 0-0: Called Strike
0-1: Foul Ball, location: 2F
0-2: Fly out, F2 (Popup, 23F)
Batting: RHB Billy Strauss 0-0: Foul Ball, location: 2F
0-1: Swinging Strike
0-2: Ball
1-2: Ball
2-2: Foul Ball, location: 2F
2-2: Fly out, F3 (Popup, 13)
Batting: RHB Marc Pratt 0-0: Ball
1-0: Ball
2-0: Called Strike
2-1: Fly out, F5 (Line Drive, 5L)
Top of the 4th over - 0 run(s), 0 hit(s), 0 error(s), 1 left on base; Augusta 4 - Calgary 3
BOTTOM OF THE 4TH
Calgary Lynx batting - Pitching for Augusta Timber Hawks : LHP Edison Larson
Batting: RHB Luis Fierro 0-0: Called Strike
0-1: Ball
1-1: Foul Ball, location: 2F
1-2: Foul Ball, location: 2F
1-2: Foul Ball, location: 2F
1-2: Ball
2-2: Strikes out looking
Batting: RHB Darren Tomlinson 0-0: Ball
1-0: Called Strike
1-1: Foul Ball, location: 2F
1-2: SINGLE (Groundball, 56D)
Batting: RHB David Nielsen 0-0: Ball
1-0: Called Strike
1-1: Ball
2-1: Ball
3-1: Base on Balls
Darren Tomlinson to second
Batting: LHB Timmy Appeldoorn 0-0: Swinging Strike
0-1: Ball
1-1: Ball
2-1: Foul Ball, location: 2F
2-2: Foul Ball, location: 2F
2-2: Ball
3-2: Ground out U3 (Groundball, 3S)
Darren Tomlinson to third
David Nielsen to second
Batting: RHB Juan Sánchez 0-0: Swinging Strike
0-1: Ball
1-1: Called Strike
1-2: Ground out 6-3 (Groundball, 6)
Bottom of the 4th over - 0 run(s), 1 hit(s), 0 error(s), 2 left on base; Augusta 4 - Calgary 3
TOP OF THE 5TH
Augusta Timber Hawks batting - Pitching for Calgary Lynx : RHP Jason Ackerman
Batting: RHB Tom Strickland 0-0: Fly out, F4 (Popup, 4)
Batting: SHB Lawrence Franklin 0-0: Swinging Strike
0-1: Ground out 1-3 (Groundball, 23)
Batting: RHB Phil Hayes 0-0: Foul Ball, location: 2F
0-1: Ball
1-1: Swinging Strike
1-2: SOLO HOME RUN (Flyball, 8LXD), Distance : 435 ft
Batting: SHB José Salazar 0-0: Ball
1-0: Ball
2-0: Foul Ball, location: 2F
2-1: Ball
3-1: Called Strike
3-2: Strikes out swinging
Top of the 5th over - 1 run(s), 1 hit(s), 0 error(s), 0 left on base; Augusta 5 - Calgary 3
BOTTOM OF THE 5TH
Calgary Lynx batting - Pitching for Augusta Timber Hawks : LHP Edison Larson
Batting: LHB Gilbert Davis 0-0: Foul Ball, location: 2F
0-1: Ball
1-1: Ground out 4-3 (Groundball, 4)
Batting: SHB Vasco Paradela 0-0: Called Strike
0-1: Ball
1-1: SINGLE (Groundball, 56)
Batting: SHB Tom Craft 0-0: Foul Ball, location: 2F
0-1: Ball
1-1: Ball
2-1: Ball
3-1: Base on Balls
Vasco Paradela to second
Batting: RHB Jim Browning 0-0: SINGLE (Groundball, 5D)
Vasco Paradela to third
Tom Craft to second
Runner from 3rd tries for Home, SAFE, throw made home
Batting: RHB Luis Fierro 0-0: Fly out, F7 (Flyball, 7D)
Runner from 2nd tags up, SAFE at 3rd, no throw
Batting: RHB Darren Tomlinson 0-0: Swinging Strike
0-1: Fly out, F8 (Flyball, 8RS)
Bottom of the 5th over - 1 run(s), 2 hit(s), 0 error(s), 2 left on base; Augusta 5 - Calgary 4
TOP OF THE 6TH
Augusta Timber Hawks batting - Pitching for Calgary Lynx : RHP Jason Ackerman
Batting: RHB Juan Banda 0-0: Swinging Strike
0-1: Called Strike
0-2: Ball
1-2: Ball
2-2: Ground out 6-3 (Groundball, 6D)
Batting: SHB Tom Montgomery 0-0: Ground out 1-3 (Groundball, 13S)
Batting: LHB Tomás Guillén 0-0: Ball
1-0: SOLO HOME RUN (Flyball, 89XD), Distance : 389 ft
Batting: RHB Billy Strauss 0-0: Ball
1-0: Foul Ball, location: 2F
1-1: Ball
2-1: SINGLE (Groundball, 6D)
Pitching: RHP Steve Ward
Batting: RHB Marc Pratt 0-0: Ball
1-0: SINGLE (Line Drive, 4MD)
Billy Strauss to second
Batting: RHB Tom Strickland 0-0: Ball
1-0: Ball
Wild Pitch!
Billy Strauss to third
Marc Pratt to second
2-0: Ball
3-0: Called Strike
3-1: Called Strike
3-2: SINGLE (Line Drive, 4M)
Billy Strauss scores
Marc Pratt to third
Marc Pratt scores
Batting: SHB Lawrence Franklin 0-0: Swinging Strike
0-1: Foul Ball, location: 2F
0-2: Foul Ball, location: 2F
0-2: Ball
1-2: Ball
2-2: Foul Ball, location: 2F
2-2: Ball
3-2: Strikes out looking
Top of the 6th over - 3 run(s), 4 hit(s), 0 error(s), 1 left on base; Augusta 8 - Calgary 4
BOTTOM OF THE 6TH
Calgary Lynx batting - Pitching for Augusta Timber Hawks : LHP Edison Larson
Batting: RHB David Nielsen 0-0: Ball
1-0: Bunt missed!
1-1: Ball
2-1: Fly out, F9 (Line Drive, 9S)
Batting: LHB Timmy Appeldoorn 0-0: Swinging Strike
0-1: Fly out, F6 (Popup, 8LS)
Batting: RHB Juan Sánchez 0-0: Ball
1-0: Swinging Strike
1-1: Ball
2-1: Foul Ball, location: 2F
2-2: Ball
3-2: Foul Ball, location: 2F
3-2: Base on Balls
Pitching: RHP Jim Thornton
Batting: LHB Gilbert Davis 0-0: Ball
1-0: Swinging Strike
1-1: Ball
2-1: Ball
3-1: Base on Balls
Juan Sánchez to second
Batting: SHB Vasco Paradela 0-0: Foul Ball, location: 2F
0-1: Ground out 3-1 (Groundball, 34)
Bottom of the 6th over - 0 run(s), 0 hit(s), 0 error(s), 2 left on base; Augusta 8 - Calgary 4
TOP OF THE 7TH
Augusta Timber Hawks batting - Pitching for Calgary Lynx : RHP Steve Ward
Batting: RHB Phil Hayes 0-0: Ground out 4-3 (Groundball, 13)
Batting: SHB José Salazar 0-0: Ball
1-0: Foul Ball, location: 2F
1-1: Called Strike
1-2: Strikes out swinging
Batting: RHB Juan Banda 0-0: Ball
1-0: Called Strike
1-1: Ball
2-1: Swinging Strike
2-2: SINGLE (Line Drive, 9S)
Batting: SHB Tom Montgomery 0-0: Called Strike
0-1: Swinging Strike
0-2: Strikes out swinging
Top of the 7th over - 0 run(s), 1 hit(s), 0 error(s), 1 left on base; Augusta 8 - Calgary 4
BOTTOM OF THE 7TH
Calgary Lynx batting - Pitching for Augusta Timber Hawks : RHP Jim Thornton
Batting: SHB Tom Craft 0-0: Called Strike
0-1: Foul Ball, location: 2F
0-2: Ball
1-2: Ball
2-2: Strikes out swinging
Batting: RHB Jim Browning 0-0: Foul Ball, location: 2F
0-1: Foul Ball, location: 2F
0-2: Strikes out swinging
Batting: RHB Luis Fierro 0-0: Called Strike
0-1: Foul Ball, location: 2F
0-2: DOUBLE (Line Drive, 89XD)
Batting: RHB Darren Tomlinson 0-0: Swinging Strike
0-1: Ball
1-1: Foul Ball, location: 2F
1-2: Foul Ball, location: 2F
1-2: SINGLE (Groundball, 6M)
Luis Fierro to third
Runner from 3rd tries for Home, SAFE, no throw or cutoff
Batting: RHB David Nielsen 0-0: Ball
1-0: Foul Ball, location: 2F
1-1: Foul Ball, location: 2F
1-2: Strikes out swinging
Bottom of the 7th over - 1 run(s), 2 hit(s), 0 error(s), 1 left on base; Augusta 8 - Calgary 5
TOP OF THE 8TH
Augusta Timber Hawks batting - Pitching for Calgary Lynx : RHP Steve Ward
Batting: LHB Tomás Guillén 0-0: Swinging Strike
0-1: Ball
1-1: Ground out U3 (Groundball, 3L)
Batting: RHB Billy Strauss 0-0: Ball
1-0: Swinging Strike
1-1: Ball
2-1: Fly out, F7 (Flyball, 7D)
Batting: RHB Marc Pratt 0-0: Ball
1-0: Ball
2-0: Foul Ball, location: 2F
2-1: Ball
3-1: SINGLE (Line Drive, 34D)
Pitching: RHP Joel Harris
Batting: RHB Tom Strickland 0-0: Swinging Strike
0-1: Ball
1-1: Ball
2-1: Called Strike
2-2: SINGLE (Line Drive, 78S)
Marc Pratt to second
Batting: SHB Lawrence Franklin 0-0: Foul Ball, location: 2F
0-1: Ball
1-1: Swinging Strike
1-2: Strikes out swinging
Top of the 8th over - 0 run(s), 2 hit(s), 0 error(s), 2 left on base; Augusta 8 - Calgary 5
BOTTOM OF THE 8TH
Calgary Lynx batting - Pitching for Augusta Timber Hawks : RHP Jim Thornton
Batting: LHB Timmy Appeldoorn 0-0: Fly out, F7 (Flyball, 7S)
Batting: RHB Juan Sánchez 0-0: Ball
1-0: Foul Ball, location: 2F
1-1: Fly out, F7 (Flyball, 7M)
Batting: LHB Gilbert Davis 0-0: SINGLE (Groundball, 56)
Pitching: RHP Claudio Salinas
Batting: SHB Vasco Paradela 0-0: Called Strike
0-1: Ball
1-1: Ball
2-1: Ball
3-1: Foul Ball, location: 2F
3-2: Strikes out swinging
Bottom of the 8th over - 0 run(s), 1 hit(s), 0 error(s), 1 left on base; Augusta 8 - Calgary 5
TOP OF THE 9TH
Augusta Timber Hawks batting - Pitching for Calgary Lynx : RHP Joel Harris
Batting: RHB Phil Hayes 0-0: Called Strike
0-1: Ball
1-1: Ball
2-1: Foul Ball, location: 2F
2-2: Ball
3-2: Base on Balls
Batting: SHB José Salazar 0-0: Ball
1-0: Called Strike
1-1: Called Strike
1-2: Fly out, F6 (Line Drive, 6)
Batting: RHB Juan Banda 0-0: Called Strike
0-1: Swinging Strike
0-2: Grounds into double play, 6-4-3 (Groundball, 6)
Top of the 9th over - 0 run(s), 0 hit(s), 0 error(s), 0 left on base; Augusta 8 - Calgary 5
BOTTOM OF THE 9TH
Calgary Lynx batting - Pitching for Augusta Timber Hawks : RHP Claudio Salinas
Pitching: RHP Henri Pollini
Batting: SHB Tom Craft 0-0: Ball
1-0: Fly out, F7 (Flyball, 7M)
Batting: RHB Jim Browning 0-0: Foul Ball, location: 2F
0-1: Ground out 1-3 (Groundball, 13S)
Batting: RHB Luis Fierro 0-0: Ball
1-0: Ball
2-0: Foul Ball, location: 2F
2-1: Ball
3-1: Foul Ball, location: 2F
3-2: Foul Ball, location: 2F
3-2: Fly out, F8 (Flyball, 8LD)
Bottom of the 9th over - 0 run(s), 0 hit(s), 0 error(s), 0 left on base; Augusta 8 - Calgary 5
This league is powered by Out of the Park Baseball, the baseball management simulation game for PC, Mac and Linux
Saturday, July 25th, 2015 - OOTP Baseball 15.6 Build 34